 Dungeon Sprint DCSS version 0.29-a0-1006-g0dd7720b37 (webtiles) character file.

Game seed: 1735778939759080317

121 mhtbhm the Slasher (level 4, -2/60 HPs)
             Began as a Draconian Gladiator on Aug 6, 2022.
             Splashed by a jelly's acid (3 damage)
             ... in the Dungeon (Sprint III: "The Ten Rune Challenge").
             The game lasted 00:01:10 (826 turns).

mhtbhm the Slasher (Draconian Gladiator)             Turns: 826, Time: 00:01:10

Health: -2/60      AC:  1    Str: 18    XL:     4   Next: 77%
Magic:  4/4        EV: 14    Int:  9    God:
Gold:   49         SH:  0    Dex: 12    Spells: 3/3 levels left

rFire   . . .      SeeInvis .   a - +0 long sword
rCold   . . .      Faith    .   (no shield)
rNeg    . . .      Spirit   .   (body armour unavailable)
rPois   .          Reflect  .   b - +0 hat
rElec   .          Harm     .   (no cloak)
rCorr   .          Rampage  .   (no gloves)
Will    .....      NoTele   +   (no boots)
Stlth   ..........              (no amulet)
HPRegen 0.20/turn               (no ring)
MPRegen 0.09/turn               (no ring)

@: berserking, corroded, very quick
A: AC +5, unfitting armour, cold-blooded
a: no special abilities


You were in the Dungeon.
You visited 1 branch You collected 49 gold pieces.

Inventory:

Hand Weapons
 a - a +0 long sword (weapon)
Missiles
 c - 3 throwing nets (quivered)
 d - a javelin
Armour
 b - a +0 hat (worn)
Wands
 g - a wand of flame (6)
Scrolls
 j - a scroll of blinking
 k - a scroll of poison
 l - a scroll of identify
 n - a scroll of torment
Potions
 e - a potion of curing
 h - 2 potions of magic
 m - 4 potions of flight
 o - 6 potions of mutation


   Skills:
 + Level 4.0 Fighting
 + Level 6.7 Long Blades
 + Level 2.8 Throwing
 + Level 5.5 Dodging
 + Level 1.4 Stealth
 + Level 2.1 Evocations


You had 3 spell levels left.
You didn't know any spells.
Your spell library was empty.

Dungeon Overview and Level Annotations

Branches:
Dungeon (1/1)

Altars:


Innate Abilities, Weirdness & Mutations

Your plain brown scales are hard. (AC +5)
You cannot fit into any form of body armour.
You are cold-blooded and may be slowed by cold attacks.


Message History

The shadow flickers and vanishes!
Deactivating autopickup; reactivate with Ctrl-A.
You feel a strong urge to attack something.
The shadow strikes at you from the darkness!
Reactivating autopickup.
You closely miss the shadow. Your punch misses the shadow. The shadow hits you!
You slash the shadow!
Your tail-slap misses the shadow.
The shadow is heavily damaged.
The shadow slips into darkness.
The shadow flickers and vanishes!
Deactivating autopickup; reactivate with Ctrl-A.
The jelly misses you.
You hit the jelly.
Your hands burn!
The jelly is moderately wounded.
You slash the jelly!
Your hands burn!
The jelly is severely wounded.
The jelly completely misses you.
The shadow strikes at you from the darkness!
* * * LOW HITPOINT WARNING * * *
Reactivating autopickup.
You are too injured to fight recklessly!
You are too injured to fight recklessly!
You are too injured to fight recklessly!
You are too injured to fight recklessly!
You are too injured to fight recklessly!
You are too injured to fight recklessly!
You are too injured to fight recklessly!
You are too injured to fight recklessly!
You are too injured to fight recklessly!
You are too injured to fight recklessly!
You are too injured to fight recklessly!
You are too injured to fight recklessly!
You are too injured to fight recklessly!
You are too injured to fight recklessly!
You are too injured to fight recklessly!
You are too injured to fight recklessly!
You are too injured to fight recklessly!
You are too injured to fight recklessly!
You hit the jelly. The acid corrodes you!
Your hands burn!
You die...

▓▓▓ ##.# ####..#
#..#..#
#..#..###+#+###+##
##'#..#..........#
###...'.⌠........#
###...#...######'#
##....#.⌠.# #.W@#
#.....#...# #..J#
..†...#+### #...#
#.....# #...+
##....# +...#
▓▓▓▓▓▓ ▓▓▓▓▓


You could see a shadow and a jelly.

Vanquished Creatures
  A water elemental (D)
  Jessica (D)
  A human (D)
  A wolf (D)
  An endoplasm (D)
  2 rats (D)
7 creatures vanquished.

Notes
Turn   | Place    | Note
-------+----------+-------------------------------------------
     0 | D        | mhtbhm the Draconian Gladiator began the quest for the Orb.
     0 | D        | Reached XP level 1. HP: 17/17 MP: 1/1
   199 | D        | Noticed Jessica
   212 | D        | Killed Jessica
   213 | D        | Reached skill level 4 in Long Blades
   213 | D        | Reached XP level 2. HP: 12/26 MP: 2/2
   213 | D        | Reached XP level 3. HP: 14/31 MP: 3/3
   245 | D        | Reached skill level 5 in Long Blades
   442 | D        | Reached skill level 1 in Evocations
   507 | D        | Noticed a water elemental
   516 | D        | HP: 1/31 [water elemental (12)]
   518 | D        | Killed a water elemental
   519 | D        | Reached skill level 6 in Long Blades
   519 | D        | Reached skill level 5 in Dodging
   519 | D        | Reached skill level 1 in Stealth
   519 | D        | Reached XP level 4. HP: 2/40 MP: 4/4
   819 | D        | Noticed a shadow
   825 | D        | HP: 1/60 [something (29)]
   826 | D        | Splashed by a jelly's acid

Illustrated notes

Levels and vault maps discovered:
D:        dungeon_sprint_mu [sprint_mu_entry_cave, sprint_mu_temple_rooms,
          sprint_mu_d1_spiders, sprint_mu_d2_genie, sprint_mu_d3_branching,
          sprint_mu_orc_legion, sprint_mu_elf_gauntlet, sprint_mu_hive_nellie,
          sprint_mu_lair_fedhas, sprint_mu_vaults_butterflies,
          sprint_mu_slime_circle, sprint_mu_swamp_cave, sprint_mu_snake_twists,
          sprint_mu_blade_basic, sprint_mu_crypt_lich, sprint_mu_tomb_spiral,
          sprint_mu_vestibule_basic, sprint_mu_gehenna_hellfire,
          sprint_mu_dis_giant, sprint_mu_tartarus_statrot,
          sprint_mu_cocytus_islands, sprint_mu_zot1]

Skill      XL: |  1  2  3 |
---------------+----------+-----
Dodging        | 4 5 |  5.5
Fighting       | 3 4 |  4.0
Long Blades    | 4 6 |  6.7
Throwing       | 2 |  2.8
Evocations     | 2 |  2.1
Stealth        | 1 |  1.4

Action                   |  1- 3 |  4- 6 || total
-------------------------+-------+-------++-------
Melee: Long sword        |    33 |     5 ||    38
       Tailslap          |     4 |       ||     4
Evoke: Wand              |    11 |       ||    11
  Use: Potion            |     2 |     1 ||     3
       Scroll            |     2 |       ||     2
 Stab: Sleeping          |     2 |       ||     2
Armor: Skin              |     2 |       ||     2
Dodge: Dodged            |    22 |     2 ||    24

Table legend: (Time is in decaauts)
 A = Elapsed time spent in this place.
 B = Non-inter-level travel time spent in this place.
 C = Inter-level travel time spent in this place.
 D = Time resting spent in this place.
 E = Time spent auto-exploring this place.
 F = Levels seen in this place.
 G = Mean time per level.
                   A        B        C        D        E       F      G
               +--------+--------+--------+--------+--------+-----+--------+
         Total |    824 |    824 |      0 |    510 |    182 |   1 |  824.0 |
       Dungeon |    824 |    824 |      0 |    510 |    182 |   1 |  824.0 |
               +--------+--------+--------+--------+--------+-----+--------+

Top non-repeatable levels by time:
       D: 824 daAuts
